 Dungeon Crawl Stone Soup version 0.29.1-12-g30fa7ad0bf (webtiles) character file.

Game seed: 17633142733960120407

126 hawla the Chiller (level 5, -2/38 HPs)
             Began as a Meteoran Ice Elementalist on Jan 8, 2023.
             Slain by an ogre
             ... wielding a +0 giant club
              (27 damage)
             ... on level 4 of the Dungeon.
             The game lasted 00:02:24 (381 turns).

hawla the Chiller (Meteoran Ice Elementalist)        Turns: 381, Time: 00:02:25

Health: -2/38      AC:  3    Str:  9    XL:     5   Next: 59%
Magic:  12/20      EV: 13    Int: 19    God:
Gold:   60         SH:  0    Dex: 14    Spells: 3/11 levels left

rFire   + . .      SeeInvis .   (no weapon)
rCold   + . .      Faith    .   (no shield)
rNeg    . . .      Spirit   .   a - +0 robe
rPois   .          Reflect  .   (no helmet)
rElec   .          Harm     .   f - scarf {rC+ rF+}
rCorr   .          Rampage  .   (no gloves)
Will    .....                   g - +0 pair of boots
Stlth   +.........              (no amulet)
HPRegen 0.12/turn               i - ring of magical power
MPRegen 0.17/turn               (no ring)

@: freezing walls, glowing
A: sense surroundings 1, otherworldly, glowing, explore regen
a: no special abilities


You were on level 4 of the Dungeon.
You visited 1 branch of the dungeon, and saw 4 of its levels.

You collected 60 gold pieces.

Inventory:

Armour
 a - a +0 robe (worn)
 f - a scarf of resistance (worn)
 g - a +0 pair of boots (worn)
Jewellery
 i - a ring of magical power (left hand)
Wands
 h - a wand of roots (11)
Scrolls
 c - a scroll of poison {unknown}
 j - a scroll of silence {unknown}
Potions
 b - a potion of magic
 d - a potion of mutation {unknown}
 e - a potion of curing {unknown}


   Skills:
 - Level 3.4 Dodging
 - Level 1.4 Stealth
 - Level 3.8 Spellcasting
 + Level 2.4 Conjurations
 - Level 5.3 Ice Magic


You had 3 spell levels left.
You knew the following spells:

 Your Spells              Type           Power      Damage    Failure   Level
a - Freeze                Ice            92%        1d10      1%          1
b - Frozen Ramparts       Ice            46%        1d7       4%          3
c - Hailstorm             Conj/Ice       18%        3d6       28%         4

Your spell library contained the following spells:

 Spells                   Type           Power      Damage    Failure   Level
 Ozocubu's Armour         Ice            23%        N/A       4%          3
 Summon Forest            Summ/Tloc      1%         N/A       98%         5
 Eringya's Noxious Bog    Tmut/Pois      1%         N/A       100%        6
 Summon Hydra             Summ           1%         N/A       100%        7


Dungeon Overview and Level Annotations

Branches:
Dungeon (4/15) Zot: 2019
 Temple: D:4-7

Altars:
Ru
Yredelemnul

Annotations:
D:3 Sigmund


Innate Abilities, Weirdness & Mutations

You passively map a small area around you.
You are easily found by Zot.
You glow in the dark.
You regain HP and MP as you explore.


Message History

You close the door, pushing everything out of the way.
You feel very sick.
You start waiting.
You feel sick. x6
The frozen ramparts melt away.
You feel sick.
You start waiting.
You feel sick.
You are no longer poisoned.
Found 16 gold pieces.
You now have 60 gold pieces (gained 16).
You open the door.
An ogre comes into view. It is wielding a +0 giant club.
The ogre shouts!
The ogre moves out of view.
Found a ring mail.
There is an open door here.
Casting: Freeze (safe; 1% risk of failure)
Confirm with . or Enter, or press ? or * to list all spells.
Casting: Frozen Ramparts (dangerous; 4% risk of failure)
Press: ? - help, Dir - look around, f - activate An open door.
The walls around you are covered in ice.
Casting: Frozen Ramparts (dangerous; 4% risk of failure)
Confirm with . or Enter, or press ? or * to list all spells.
The spell is extremely dangerous to miscast (28% risk of failure)!
Continue anyway?
Casting: Hailstorm (extremely dangerous; 28% risk of failure)
Press: ? - help, Dir - look around, f - activate A cannonade of hail descends around you!
The hail pelts the ogre!
The ogre is moderately wounded.
Casting: Hailstorm (extremely dangerous; 28% risk of failure)
Confirm with . or Enter, or press ? or * to list all spells.
Aiming: Freeze (safe; 1% risk of failure)
Press: ? - help, Shift-Dir - straight line, f - ogre
Aim: an ogre, wielding a +0 giant club (moderately wounded)
You freeze the ogre.
The ogre is heavily wounded.
A ball python comes into view.
The wall freezes the ogre.
The ogre hits you with a +0 giant club!!
Ouch! That really hurt!
You die...

#.........#†....# ,
#..##.....##....#######S
#..##.....##....#....... *
#.........#.....#....... ,
#.........#.....#.[.....
#..#########....#....... ,
, #..##.....##....#......#
, #...............#O.....#
#####...........@......+,,
* ....#.....###+###......#
....#.....#* #+##...
....#.....# *,,.
....#.....# , , ,
....#....... , , ,
....+....... , , * ... * *
, + .. , , ,


You could see an ogre and a ball python (wandering).

Vanquished Creatures
  2 killer bees (D:4)
  A hound (D:4)
  A dart slug (D:1)
  An orc (D:4)
  2 giant cockroaches
  A goblin (D:2)
  A ball python (D:4)
  A frilled lizard (D:4)
10 creatures vanquished.

Notes
Turn   | Place    | Note
-------+----------+-------------------------------------------
     0 | D:1      | hawla the Meteoran Ice Elementalist began the quest for the
                  | Orb.
     0 | D:1      | Reached XP level 1. HP: 14/14 MP: 5/5
   151 | D:2      | Reached XP level 2. HP: 18/20 MP: 2/6
   156 | D:3      | Found a sacrificial altar of Ru.
   160 | D:3      | Noticed Sigmund
   228 | D:4      | Noticed a hound
   237 | D:4      | Killed a hound
   238 | D:4      | Reached skill level 5 in Ice Magic
   238 | D:4      | Reached XP level 3. HP: 15/26 MP: 2/8
   238 | D:4      | Reached XP level 4. HP: 19/33 MP: 2/9
   242 | D:4      | Learned a level 3 spell: Frozen Ramparts
   266 | D:4      | Found a basalt altar of Yredelemnul.
   335 | D:4      | Reached XP level 5. HP: 34/38 MP: 11/11
   342 | D:4      | Learned a level 4 spell: Hailstorm
   377 | D:4      | Noticed an ogre
   381 | D:4      | Slain by an ogre

Illustrated notes

Levels and vault maps discovered:
D:1:      nicolae_arrival_somewhat_less_tricky_arrival, layout_rooms,
          serial_bayou, serial_bayou_crossing, serial_bayou_pond_e,
          serial_bayou_lagoon_a, serial_bayou_pond_c, minmay_pentomino_o2
D:2:      layout_basic, serial_aquarium, aquarium_bridge_island_small
          [aquarium_subvault_small_water, aquarium_subvault_bridge,
          aquarium_subvault_bridge, aquarium_subvault_wall,
          aquarium_subvault_bridge], aquarium_bridge_square
          [aquarium_subvault_bridge, aquarium_subvault_wall,
          aquarium_subvault_wall, aquarium_subvault_bridge],
          aquarium_window_fake, aquarium_window_fake, aquarium_window_double,
          aquarium_window_1, aquarium_view_2c, aquarium_view_2c,
          aquarium_balcony_3a, aquarium_pool_1,
          hellmonk_ecumenical_altar_pennies_from_heaven, uniq_terence
D:3:      lemuel_castle_with_subvaults [lemuel_castle_interior_carwin_2],
          layout_rooms, nicolae_ru_awakened_eye, uniq_sigmund
D:4:      layout_gridville, mainiacjoe_overflow_surrounded_room

Skill      XL: |  1  2  3  4  5 |
---------------+----------------+-----
Spellcasting   | 3 |  3.8
Ice Magic      | 5 |  5.3
Dodging        | 3 |  3.4
Conjurations   | 2 |  2.4
Stealth        | |  1.4

Action                   |  1- 3 |  4- 6 || total
-------------------------+-------+-------++-------
 Cast: Freeze            |    15 |     6 ||    21
       Frozen Ramparts   |       |     3 ||     3
       Hailstorm         |       |     1 ||     1
Armor: Robe              |     2 |       ||     2
Dodge: Dodged            |    11 |       ||    11
